 Dungeon Crawl Stone Soup version 0.28.0 (webtiles) character file.

Game seed: 10438633247634151261

105 fiver49 the Slasher (level 4, -1/34 (36) HPs)
             Began as a Barachi Abyssal Knight on Feb 5, 2022.
             Was a Believer of Lugonu.
             Killed from afar by an orc wizard (8 damage)
             ... with a magic dart
             ... on level 3 of the Dungeon.
             The game lasted 00:07:30 (2261 turns).

fiver49 the Slasher (Barachi Abyssal Knight)        Turns: 2261, Time: 00:07:31

HP:   -1/34 (36)    AC: 10    Str: 15    XL:     4   Next: 81%
MP:   5/6           EV: 11    Int: 12    God:    Lugonu [**....]
Gold: 122           SH:  0    Dex: 12    Spells: 6/6 levels left

rFire   . . .      SeeInvis .   a - +1 falchion
rCold   . . .      Faith    .   (no shield)
rNeg    . . .      Spirit   .   b - +0 leather armour
rPois   .          Reflect  .   j - +0 helmet
rElec   .          Harm     .   (no cloak)
rCorr   .          Rampage  .   l - +2 pair of gloves
Will    .....                   i - +2 pair of boots
Stlth   +.........              (no amulet)
HPRegen 0.11/turn               (no ring)
MPRegen 0.10/turn               (no ring)

@: unable to hop, drained, slow
A: amphibious, slowness 1, strong legs 1, +LOS
a: Hop, Renounce Religion, Depart the Abyss, Bend Space


You were on level 3 of the Dungeon.
You worshipped Lugonu.
Lugonu was pleased with you.
You visited 1 branch of the dungeon, and saw 3 of its levels.
You visited the Abyss 1 time.

You collected 122 gold pieces.

Inventory:

Hand Weapons
 a - a +1 falchion (weapon)
Missiles
 h - 2 javelins (quivered)
Armour
 b - a +0 leather armour (worn)
 i - a +2 pair of boots (worn)
   (You found it on level 1 of the Dungeon)
 j - a +0 helmet (worn)
   (You found it on level 1 of the Dungeon)
 l - a +2 pair of gloves (worn)
   (You found it on level 2 of the Dungeon)
Scrolls
 e - 5 scrolls of teleportation {unknown}
 f - a scroll of magic mapping {unknown}
 g - a scroll of noise {unknown}
 k - a scroll of holy word
 m - a scroll of amnesia {unknown}
 n - a scroll of brand weapon {unknown}
 p - a scroll of identify {unknown}
Potions
 c - a potion of haste {unknown}
 d - 2 potions of flight {unknown}
 o - a potion of curing {unknown}


   Skills:
 - Level 3.6 Fighting
 - Level 3.7 Long Blades
 - Level 2.4 Armour
 - Level 1.1 Dodging
 * Level 1.8 Spellcasting
 * Level 1.8 Earth Magic
 + Level 2.5 Invocations


You had 6 spell levels left.
You didn't know any spells.
Your spell library contained the following spells:

 Spells                   Type           Power      Damage    Failure   Level
 Animate Skeleton         Necr           2%         N/A       34%         1
 Apportation              Tloc           2%         N/A       34%         1
 Summon Small Mammal      Summ           4%         N/A       34%         1
 Stone Arrow              Conj/Erth      6%         3d7       56%         3
 Lee's Rapid Deconstruct  Erth           2%         3d6*      99%         5
 Alistair's Intoxication  Tmut/Pois      0%         N/A       100%        5
 Iron Shot                Conj/Erth      1%         9d1       100%        6
 Borgnjor's Revivificati  Necr           0%         N/A       100%        8
 Necromutation            Tmut/Necr      0%         N/A       100%        8
 Death's Door             Necr           0%         N/A       100%        9


Dungeon Overview and Level Annotations

Branches:
Dungeon (3/15)

Altars:
Elyvilon
Yredelemnul

Annotations:
D:2 Sigmund


Innate Abilities, Weirdness & Mutations

You are amphibious.
You cover ground slowly.
You can hop short distances.
You have an extended range of vision and can be seen from far away.


Message History

You kill the endoplasm!
Lugonu accepts your kill.
No target in view!
Found a scale mail.
Unknown command.
Found a white marble altar of Elyvilon.
A rat comes into view.
The rat moves out of view.
An orc wizard comes into view. It is wielding a +0 dagger.
Found 10 gold pieces.
You hit the rat.
You kill the rat!
Lugonu accepts your kill.
No target in view!
No target in view!
No target in view!
You see here a rat corpse.
The orc wizard hits you with a +0 dagger.
You hit the orc wizard.
The orc wizard is moderately wounded.
The orc wizard barely misses you.
You barely miss the orc wizard.
The orc wizard is moderately wounded.
The orc wizard closely misses you.
You hit the orc wizard but do no damage.
The orc wizard is moderately wounded.
The orc wizard hits you but does no damage.
You slash the orc wizard!
The orc wizard is almost dead.
The orc wizard hits you with a +0 dagger.
You barely miss the orc wizard.
The orc wizard is almost dead.
The orc wizard points at you and mumbles some strange words.
You are confused.
You're too confused to move!
The orc wizard hits you with a +0 dagger.
You hit the orc wizard but do no damage.
The orc wizard is almost dead.
The orc wizard gestures wildly while chanting.
The orc wizard flickers and vanishes!
Deactivating autopickup; reactivate with Ctrl-A.
You hear some strange, mumbled words.
You are more confused.
You're too confused to move!
You hear some strange, mumbled words.
A puff of flame appears from out of thin air!
The puff of flame hits you. Something hits you but does no damage.
You hear some strange, mumbled words.
You are more confused.
A bat and an orc come into view.
The orc is wielding a +0 mace of draining.
The orc shouts!
The bat moves out of view.
You hear some strange, mumbled words.
Something tries to affect you, but you resist.
You're too confused to move!
The bat closely misses you.
You hear some strange, mumbled words.
A magic dart appears from out of thin air!
The magic dart hits you. The bat barely misses you.
You completely miss something. The bat closely misses you.
Something hits you but does no damage. The bat misses you.
You hear some strange, mumbled words.
A puff of flame appears from out of thin air!
The puff of flame hits you!
You barely miss something. The bat hits you but does no damage.
The bat hits you.
You hear some strange, mumbled words.
A magic dart appears from out of thin air!
The magic dart hits you but does no damage.
You miss something.
You feel less confused. Something hits you but does no damage.
The bat hits you but does no damage.
You miss something. The bat hits you but does no damage.
Something hits you but does no damage.
You closely miss something. The bat closely misses you.
The orc hits you with a +0 mace of draining.
* * * LOW HITPOINT WARNING * * *
You feel drained.
* * * LOW HITPOINT WARNING * * *
You hear some strange, mumbled words.
Something tries to affect you, but you resist.
Space bends around you!
You blink.
An orc comes into view. It is wielding a +0 club.
Press: ? - help, v - describe, . - travel
Here: an orc, wielding a +0 mace of draining and wearing a +0 ring mail The floor.
As you read the scroll labelled XOSIUN TYVUNU, it crumbles to dust.
You speak a Word of immense power!
It was a scroll of holy word.
Okay, then.
You slash the bat!
You kill the bat!
Lugonu accepts your kill.
Hop to where?
Press: ? - help, Dir - move target Boing!
A magic dart appears from out of thin air!
The magic dart hits you!
You die...

#.......$..
#..........
#.☼o.......
+..†.......
#......#.#.# ##+##
#...o{.# .#
##....####......#+#.#
#........#..........#
#....[...####...@...#
#........####†......#
...>................+
#####............##
###...........###.##
#...###.......###...
..###♣.........######
###♣♣..♣######.##
#♣♣...♣#♣♣♣♣♣#..#


You could see 2 orcs.

Vanquished Creatures
  4 adders
  2 worms
  A dart slug (D:2)
  An orc (D:3)
  2 endoplasms
  A giant cockroach (D:2)
  7 hobgoblins
  6 jackals
  A quokka (D:1)
  4 ball pythons
  5 bats
  5 frilled lizards
  8 goblins
  8 kobolds
  6 rats
61 creatures vanquished.

Notes
Turn   | Place    | Note
-------+----------+-------------------------------------------
     0 | Abyss:1  | fiver49 the Barachi Abyssal Knight began the quest for the
                  | Orb.
     0 | Abyss:1  | Reached XP level 1. HP: 18/18 MP: 2/2
    10 | D:1      | Escaped the Abyss
   207 | D:1      | Reached skill level 3 in Long Blades
   207 | D:1      | Reached XP level 2. HP: 11/24 MP: 3/3
   539 | D:1      | Reached skill level 2 in Invocations
   658 | D:1      | Got the Almanac of the Mountains
   730 | D:1      | Reached XP level 3. HP: 29/29 MP: 4/4
  1176 | D:2      | Reached ** piety under Lugonu
  1329 | D:2      | Noticed Sigmund
  1411 | D:1      | Reached skill level 1 in Spellcasting
  1622 | D:2      | Reached skill level 1 in Earth Magic
  1637 | D:2      | Reached XP level 4. HP: 36/36 MP: 5/5
  2127 | D:3      | Found a basalt altar of Yredelemnul.
  2189 | D:3      | Found a white marble altar of Elyvilon.
  2257 | D:3      | HP: 8/34 [orc (2)]
  2261 | D:3      | Killed from afar by an orc wizard

Illustrated notes

Levels and vault maps discovered:
D:1:      minmay_arrival_diagonal_passages, layout_basic, minivault_26,
          kennysheep_decorative_pillar
D:2:      layout_rooms, uniq_sigmund
D:3:      layout_basic, kennysheep_ying_yang,
          shapermc_ecumenical_altar_starsandcircs

Skill      XL: |  1  2  3 |
---------------+----------+-----
Long Blades    | 3 |  3.7
Invocations    | 2 |  2.5
Spellcasting   | 1 |  1.8
Earth Magic    | 1 |  1.8
Fighting       | |  3.6
Armour         | |  2.4
Dodging        | |  1.1

Action                   |  1- 3 |  4- 6 || total
-------------------------+-------+-------++-------
Melee: Falchion          |   116 |    58 ||   174
       Punch             |     2 |     1 ||     3
Throw: Javelin           |     5 |       ||     5
Invok: Bend Space        |       |     1 ||     1
 Abil: Hop               |       |     1 ||     1
  Use: Scroll            |       |     1 ||     1
Armor: Leather armour    |    50 |    33 ||    83
Dodge: Dodged            |    76 |    37 ||   113

Table legend: (Time is in decaauts)
 A = Elapsed time spent in this place.
 B = Non-inter-level travel time spent in this place.
 C = Inter-level travel time spent in this place.
 D = Time resting spent in this place.
 E = Time spent auto-exploring this place.
 F = Levels seen in this place.
 G = Mean time per level.
                   A        B        C        D        E       F      G
               +--------+--------+--------+--------+--------+-----+--------+
         Total |   2573 |   2429 |    144 |    212 |   1489 |   4 |  643.2 |
       Dungeon |   2561 |   2417 |    144 |    212 |   1489 |   3 |  853.7 |
         Abyss |     11 |     11 |      0 |      0 |      0 |   1 |   11.0 |
               +--------+--------+--------+--------+--------+-----+--------+

Top non-repeatable levels by time:
     D:1: 1519 daAuts
     D:2: 684 daAuts
     D:3: 357 daAuts
 Abyss:1: 11 daAuts

Table legend:
 A = Kills in this place as a percentage of kills in entire the game.
 B = Kills by you in this place as a percentage of kills by you in the entire game.
 C = Kills by friends in this place as a percentage of kills by friends in the entire game.
 D = Other kills in this place as a percentage of other kills in the entire game.
 E = Experience gained in this place as a percentage of experience gained in the entire game.
 F = Experience gained in this place divided by the number of levels of this place that you have seen.
                   A       B       C       D       E      F
               +-------+-------+-------+-------+-------+----------------------
         Total | 100.0 | 100.0 |   N/A |   N/A | 100.0 |  37.5
       Dungeon | 100.0 | 100.0 |   N/A |   N/A | 100.0 |  50.0
               +-------+-------+-------+-------+-------+----------------------
